 Dungeon Crawl Stone Soup version 0.31-a0-1529-g7bd419a0e5 (webtiles) character file.

Game seed: 6985555674382834483

84 wildpjah the Sneak (level 4, -3/16 (21) HPs)
             Began as a Vine Stalker Enchanter on Dec 31, 2023.
             Slain by Robin
             ... wielding a +0 trident
              (6 damage)
             ... on level 2 of the Dungeon.
             The game lasted 00:02:34 (1748 turns).

wildpjah the Sneak (Vine Stalker Enchanter)         Turns: 1748, Time: 00:02:35

HP:   -3/16 (21)    AC:  2    Str: 11    XL:     4   Next: 46%
MP:   0/9           EV: 12    Int: 15    God:
Gold: 53            SH:  0    Dex: 16    Spells: 6/8 levels left

rFire   . . .        a - +1 dagger
rCold   . . .        (no shield)
rNeg    . . .        b - +0 robe
rPois   .            (no helmet)
rElec   .            (no cloak)
rCorr   .            (no gloves)
SInv    .            (no boots)
Will    .....        (no amulet)
Stlth   +++          (no ring)
HPRegen 1.02/turn    (no ring)
MPRegen 0.11/turn

%: guardian spirit
@: heavily drained
A: fangs 2, regeneration 1, magic shield, antimagic bite, no potion heal 2
a: no special abilities


You were on level 2 of the Dungeon.
You visited 1 branch of the dungeon, and saw 2 of its levels.

You collected 53 gold pieces.

Inventory:

Hand Weapons
 a - a +1 dagger (weapon)
Missiles
 d - 5 poisoned darts
Armour
 b - a +0 robe (worn)
Jewellery
 i - a ring of see invisible
Scrolls
 e - a scroll of poison {unknown}
 f - a scroll of revelation {unknown}
 g - a scroll of teleportation {unknown}
 k - a scroll of vulnerability {unknown}
 l - a scroll of identify {unknown}
 m - a scroll of fog {unknown}
 n - a scroll of enchant weapon {unknown}
Potions
 c - a potion of invisibility
 h - 2 potions of heal wounds {unknown}
 j - a potion of mutation {unknown}


   Skills:
 + Level 0.2 Fighting
 + Level 1.0 Short Blades
 + Level 1.9 Dodging
 + Level 4.4 Stealth
 + Level 2.8 Spellcasting
 + Level 3.5 Hexes
 + Level 1.3 Ice Magic


You had 6 spell levels left.
You knew the following spells:

 Your Spells              Type           Power      Damage    Failure   Level
a - Ensorcelled Hibernat  Hex/Ice        18%        N/A       11%         2

Your spell library contained the following spells:

 Spells                   Type           Power      Damage    Failure   Level
 Confusing Touch          Hex            12%        N/A       14%         3
 Tukima's Dance           Hex            12%        N/A       14%         3
 Dazzling Flash           Conj/Hex       14%        N/A       28%         3
 Lesser Beckoning         Tloc           4%         N/A       30%         2
 Gell's Gravitas          Tloc           2%         N/A       52%         3
 Teleport Other           Tloc           2%         N/A       52%         3


Dungeon Overview and Level Annotations

Branches:
Dungeon (2/15)

Altars:

Annotations:
D:2 Robin


Innate Abilities, Weirdness & Mutations

You have extremely sharp teeth.
Your natural rate of healing is unusually fast.
When hurt, damage is shared between your health and your magic reserves.
Your bite disrupts and absorbs the magic of your enemies.
Potions cannot restore your health.


Message History

The goblin is heavily wounded.
Robin closely misses you. The goblin hits you but does no damage.
You hit the goblin but do no damage.
The goblin is heavily wounded.
Robin says, "My goblins will feast on your bones."
Robin throws the goblin at you! The goblin closely misses you.
Aiming: Ensorcelled Hibernation (safe; 11% risk of failure)
Press: ? - help, Q - select action, (/) - cycle Shift-Dir - straight line, f - Robin
Aim: Robin, wielding a +0 trident, wearing a +0 animal skin and wearing a +0 helmet (chance to affect: 51%) Robin resists with significant effort.
Robin hits you from afar with a +0 trident.
The goblin misses you.
Robin roars a battlecry!
The goblin goes into a battle-frenzy!
The goblin attacks as it pursues you! The goblin hits you but does no damage.
You hear a shout! x2
Aiming: Ensorcelled Hibernation (safe; 11% risk of failure)
Press: ? - help, Q - select action, (/) - cycle Shift-Dir - straight line, f/p - Robin
Aim: Robin, wielding a +0 trident, wearing a +0 animal skin and wearing a +0 helmet (chance to affect: 51%) Robin resists with significant effort.
Robin hits you with a +0 trident.
A goblin comes into view. It is wielding a +0 club.
The goblin hits you with a +0 club.
You don't have enough magic to cast this spell.
You don't have enough magic to cast this spell.
You hit the goblin.
You kill the goblin!
Robin closely misses you.
You barely miss Robin. Robin closely misses you.
You hit Robin but do no damage. Robin throws the goblin at you!
The goblin hits you with a +0 club.
* * * LOW HITPOINT WARNING * * *
You closely miss the goblin. You hit the goblin but do no damage.
You bite the goblin, but do no damage. The goblin hits you with a +0 club.
* * * LOW HITPOINT WARNING * * *
You miss the goblin. You bite the goblin, but do no damage.
Robin hits you with a +0 trident.
You die...
Robin calls out, "Let's celebrate!
Time for a feast!"

##..........#...........##.#
##.##.........##.#####...###
##†#.............# ###.#
...#..........>##### #.###
....)..............# ###...#####
..##...........###†###.........#
.####.........## #.)...÷.......#
.# ##...#....########.........#
.# ######.#..g@gg# #.........#
.### #.#.####.# ########### ...#
#.#.# #..########## ...## #...#
##.....#.....## ....#
##..###.............# ...##
#..##............... ...#
#..##............... ...#
#..##.......<....... ...#
#..##....†..........


You could see Robin and 2 goblins.

Vanquished Creatures
  4 adders (D:2)
  A gnoll (D:1)
  2 dart slugs
  A ball python (D:2)
  3 bats
  2 endoplasms
  A giant cockroach (D:1)
  7 goblins
  4 hobgoblins
  3 kobolds (D:1)
  A quokka (D:1)
  A frilled lizard (D:1)
  3 rats
33 creatures vanquished.

Notes
Turn   | Place    | Note
-------+----------+-------------------------------------------
     0 | D:1      | wildpjah the Vine Stalker Enchanter began the quest for the
                  | Orb.
     0 | D:1      | Reached XP level 1. HP: 9/9 MP: 4/4
    93 | D:1      | Reached XP level 2. HP: 6/13 MP: 3/6
   100 | D:1      | Reached skill level 4 in Stealth
   143 | D:1      | Found a faded altar of an unknown god.
   155 | D:1      | Learned a level 2 spell: Ensorcelled Hibernation
   715 | D:1      | Reached XP level 3. HP: 16/16 MP: 1/7
  1286 | D:2      | Reached skill level 1 in Ice Magic
  1411 | D:2      | Reached XP level 4. HP: 19/21 MP: 2/9
  1418 | D:2      | Reached skill level 1 in Short Blades
  1474 | D:2      | Noticed Robin
  1748 | D:2      | Slain by Robin

Illustrated notes

Levels and vault maps discovered:
D:1:      denvon_arrival_planthouse, layout_basic,
          shapermc_ecumenical_altar_venn, nicolae_hexahallways
D:2:      layout_rooms, uniq_robin

Skill      XL: |  1  2  3  4 |
---------------+-------------+-----
Stealth        | 4 |  4.4
Ice Magic      | 1 |  1.3
Short Blades   | 1 |  1.0
Fighting       | |  0.2
Dodging        | |  1.9
Spellcasting   | |  2.8
Hexes          | |  3.5

Action                     |  1- 3 |  4- 6 || total
---------------------------+-------+-------++-------
  Melee: Dagger            |    62 |    38 ||   100
         Bite              |    11 |    14 ||    25
         Punch             |     1 |       ||     1
   Cast: Ensorcelled Hiber |    13 |     3 ||    16
    Use: Potion            |     1 |       ||     1
   Stab: Sleeping          |    12 |       ||    12
         Invisible         |     1 |       ||     1
 Armour: Robe              |    27 |    44 ||    71
  Dodge: Dodged            |    38 |    45 ||    83

Table legend: (Time is in decaauts)
 A = Elapsed time spent in this place.
 B = Non-inter-level travel time spent in this place.
 C = Inter-level travel time spent in this place.
 D = Time resting spent in this place.
 E = Time spent auto-exploring this place.
 F = Levels seen in this place.
 G = Mean time per level.
                   A        B        C        D        E       F      G
               +--------+--------+--------+--------+--------+-----+--------+
         Total |   1744 |   1648 |     96 |      0 |   1369 |   2 |  872.0 |
       Dungeon |   1744 |   1648 |     96 |      0 |   1369 |   2 |  872.0 |
               +--------+--------+--------+--------+--------+-----+--------+

Top non-repeatable levels by time:
     D:1: 1200 daAuts
     D:2: 543 daAuts
